 Dungeon Crawl Stone Soup version 0.28-a0-397-g1a7b1a870f (webtiles) character file.

Game seed: 1772222954017294769

33327 MacCMillion the Fighter (level 13, 0/102 (108) HPs)
             Began as a Demonspawn Gladiator on Sept 3, 2021.
             Was a High Priest of Kikubaaqudgha.
             Slain by a hell rat (11 damage)
             ... on level 4 of the Lair of Beasts on Sept 4, 2021.
             The game lasted 01:10:54 (19025 turns).

MacCMillion the Fighter (Demonspawn Gladiator)     Turns: 19025, Time: 01:10:54

HP:   0/102 (108)   AC: 13    Str: 19    XL:     13   Next: 36%
MP:   12/16         EV: 17    Int: 16    God:    Kikubaaqudgha [*****.]
Gold: 768           SH:  5    Dex: 14    Spells: 9/16 levels left

rFire   . . .      SeeInvis .   h - +13 scythe of Curses {drain, Drain}
rCold   . . .      Faith    .   (shield currently unavailable)
rNeg    . . .      Spirit   .   I - +0 swamp dragon scales
rPois   +          Reflect  +   (helmet restricted)
rElec   .          Harm     .   J - scarf {+Inv}
rCorr   .          Rampage  .   (no gloves)
Will    .....                   l - +0 pair of boots
Stlth   +.........              j - amulet of reflection
HPRegen 0.27/turn               u - ring "Nextigas" {Wiz Int+5}
MPRegen 0.15/turn               A - +4 ring of evasion

@: drained
A: horns 1, demonic guardian 2, foul stench 2, sharp scales 2
a: Renounce Religion, Evoke Invisibility, Receive Corpses, Torment


You were on level 4 of the Lair of Beasts.
You worshipped Kikubaaqudgha.
Kikubaaqudgha was extremely pleased with you.
You visited 3 branches of the dungeon, and saw 15 of its levels.
You also visited: Gauntlet.

You collected 768 gold pieces.

Inventory:

Hand Weapons
 a - a +0 trident
 h - the +13 scythe of Curses (weapon) {drain, Drain}
   (You acquired it on level 5 of the Dungeon)

   A truly terrible weapon, it drains the life of any living foe it strikes.
   It inflicts powerful necromantic curses on any living foe it strikes.
   Drain:     It drains your maximum health when unequipped.
 o - the +5 lajatang of Meicosig {drain, Will++}
   (You acquired it on level 5 of the Dungeon)

   A truly terrible weapon, it drains the life of any living foe it strikes.
   Will:      It greatly increases your willpower.
 t - a +3 halberd
Missiles
 d - 3 throwing nets (quivered)
 g - 52 poisoned darts
Armour
 k - a scarf of repulsion
 l - a +0 pair of boots (worn)
 B - a +1 chain mail of positive energy
 H - a scarf of harm
 I - +0 swamp dragon scales (worn)
 J - a scarf of invisibility (worn)
 K - a +4 ring mail of poison resistance
Jewellery
 j - an amulet of reflection (around neck)
 p - the ring of Zach {Fire Will+ Str+5 Dex+3}
   (You found it in a Gauntlet)

   [ring of fire]

   It enhances your fire magic.
   Str:       It affects your strength (+5).
   Dex:       It affects your dexterity (+3).
   rF:        It protects you from fire.
   rC:        It makes you vulnerable to cold.
   Will:      It increases your willpower.
 u - the ring "Nextigas" (left hand) {Wiz Int+5}
   (You acquired it on level 5 of the Dungeon)

   [ring of wizardry]

   It improves your spell success rate.
   Int:       It affects your intelligence (+5).
 A - a +4 ring of evasion (right hand)
 D - a ring of wizardry
 Q - a +6 ring of strength
Wands
 i - a wand of polymorph (6)
 v - a wand of mindburst (32)
 w - a wand of charming (6)
 y - a wand of iceblast (17)
 E - a wand of paralysis (10)
 L - a wand of flame (38)
 P - a wand of acid (5)
Scrolls
 b - a scroll of enchant weapon {unknown}
 c - 2 scrolls of noise
 e - a scroll of teleportation
 q - a scroll of identify
 r - 2 scrolls of amnesia
 s - 4 scrolls of immolation
 x - a scroll of fog
 R - a scroll of enchant armour {unknown}
 S - a scroll of holy word {unknown}
Potions
 m - 5 potions of lignification
 n - 2 potions of attraction
 z - a potion of invisibility
 C - 3 potions of ambrosia
 F - 2 potions of degeneration
 G - 3 potions of brilliance
 O - a potion of magic {unknown}
 T - 2 potions of might
Miscellaneous
 M - a phantom mirror


   Skills:
 * Level 12.2 Fighting
 + Level 10.9 Polearms
 - Level 3.0 Throwing
 + Level 9.0 Armour
 - Level 5.0 Dodging
 - Level 3.4 Shields
 + Level 2.4 Spellcasting
 - Level 1.2 Hexes
 - Level 10.0 Necromancy
 - Level 5.0 Evocations


You had 9 spell levels left.
You knew the following spells:

 Your Spells              Type           Power      Damage    Failure   Level
a - Animate Dead          Necr           16%        N/A       1%          4
b - Vampiric Draining     Necr           16%        2d8       1%          3

Your spell library contained the following spells:

 Spells                   Type           Power      Damage    Failure   Level
 Animate Skeleton         Necr           66%        N/A       1%          1
 Pain                     Necr           100%       1d9       1%          1
 Sublimation of Blood     Necr           16%        N/A       1%          2
 Dispel Undead            Necr           33%        3d14      1%          4
 Excruciating Wounds      Necr           16%        N/A       6%          5
 Corona                   Hex            5%         N/A       8%          1
 Foxfire                  Conj/Fire      4%         2x1d4     12%         1
 Shock                    Conj/Air       4%         1d3       12%         1
 Ensorcelled Hibernation  Hex/Ice        6%         N/A       16%         2
 Scorch                   Fire           2%         2d5       19%         2
 Tukima's Dance           Hex            5%         N/A       22%         3
 Inner Flame              Hex/Fire       3%         N/A       28%         3
 Death Channel            Necr           16%        N/A       30%         6
 Spider Form              Tmut/Pois      0%         N/A       34%         3
 Swiftness                Air            1%         N/A       34%         3
 Borgnjor's Vile Clutch   Necr/Erth      8%         N/A       38%         5
 Cause Fear               Hex            2%         N/A       56%         4
 Airstrike                Air            0%         N/A       73%         4
 Flame Wave               Conj/Fire      1%         3d3       73%         4
 Fireball                 Conj/Fire      0%         3d3       96%         5
 Irradiate                Conj/Tmut      0%         3d14      96%         5
 Summon Cactus Giant      Summ           0%         N/A       100%        6
 Discord                  Hex            2%         N/A       100%        8


Dungeon Overview and Level Annotations

Branches:
Dungeon (10/15)            Temple (1/1) D:4            Lair (4/6) D:10
  Snake (0/4) Lair:2          Orc (0/2) D:10        Gauntlet (visited)
  Swamp: Lair:2-4    Shoals: Lair:2-4

Altars:
Ashenzari
Cheibriados
Dithmenos
Elyvilon
Fedhas
Gozag
Kikubaaqudgha
Makhleb
Nemelex Xobeh
Okawaru
Qazlal
Ru
Sif Muna
Trog
Uskayaw
Vehumet
Wu Jian
Xom
Yredelemnul
Zin
The Shining One

Annotations:
D:4 exclusion: ogre
D:8 2 runed translucent doors, 1 exclusion, MirrMurr's ghost, novice GnHu
D:10 1 runed translucent door
Lair:2 3 runed translucent doors, hemabe71's ghost, journeyman HuAr


Innate Abilities, Weirdness & Mutations

You have a pair of small horns on your head.
A demonic guardian rushes to your aid.
You sometimes emit foul miasma when damaged in melee.
You are mostly covered in razor-sharp scales. (AC +2, Slay +2)


Message History

You slash the hell rat!
The hell rat is almost dead.
You block the hell rat's attack. The hell rat barely misses you.
The hell rat closely misses you.
Unknown command.
You slash the hell rat!
You kill the hell rat!
Kikubaaqudgha accepts your kill.
Unknown command.
You slash the hell rat! You headbutt the hell rat.
The hell rat is severely wounded.
The hell rat bites you. The hell rat misses you.
Unknown command.
The hell rat completely misses you. The hell rat barely misses you.
You slash the hell rat!
You kill the hell rat!
Kikubaaqudgha accepts your kill. The hell rat misses you.
The hell rat barely misses you. The hell rat bites you.
You feel drained. The hell rat bites you!
You emit a cloud of foul miasma!
Unknown command.
Unknown command.
The hell rat closely misses you.
You closely miss the hell rat.
The hell rat is moderately wounded.
The hell rat closely misses you. The hell rat bites you.
You feel drained.
The hell rat bites you but does no damage.
The hell rat closely misses you. The hell rat bites you!
* * * LOW HITPOINT WARNING * * *
The hell rat bites you!
* * * LOW HITPOINT WARNING * * *
A demonic guardian appears!
You feel drained.
* * * LOW HITPOINT WARNING * * *
Unknown command.
Okay, then.
Okay, then.
Okay, then.
You feel better. The hell rat bites you!
You die...
Kikubaaqudgha rasps: "You have failed me!
Welcome... death!"

######### ###P##.#P.## #####
#..........##
##.#.##########..3.......P#
##...........#.r..........##
...........'...r@..........#
.'..........##☼r...........#
#...........##.#..........##
##..........####..........##
#..........## #.....)......#
##.........# ##.....)....##
##P.##.#+## #.#.P.....P##
####... ###.####..## ###
#..##


You could see 3 hell rats and a friendly smoke demon (summoned).

Vanquished Creatures
  A minotaur (Gauntlet)
  2 hydras
  A death knight (D:8)
  A two-headed ogre (D:8)
  Sonja (Lair:3)
  An ugly thing (D:8)
  2 oklob plants (D:10)
  A worldbinder (Gauntlet)
  4 black mambas
  An eye of devastation (Gauntlet)
  2 gargoyles
  An apocalypse crab (Gauntlet)
  8 cane toads
  2 kobold demonologists (D:9)
  Maggie (D:7)
  2 rime drakes
  2 komodo dragons
  A polar bear (Lair:1)
  A troll (D:10)
  A hornet (D:10)
  5 blink frogs
  A slime creature (D:8)
  A shadow (D:10)
  9 wyverns
  Grum (D:8)
  2 basilisks
  2 golden eyes (Gauntlet)
  15 yaks
  2 vampire mosquitoes (D:7)
  2 steam dragons
  15 water moccasins
  6 orc warriors
  2 black bears
  3 necrophages
  3 ogres
  3 boggarts (Gauntlet)
  12 wolves
  5 centaurs
  4 kobold brigands
  10 bullfrogs
  3 gnoll sergeants
  4 scorpions
  A water moccasin skeleton (D:6)
  A howler monkey (D:8)
  8 killer bees
  5 wights (D:9)
  3 centaur zombies
  4 hounds
  2 jellies
  A bullfrog skeleton (D:3)
  8 orc priests
  A centaur skeleton (D:4)
  2 gnoll shamans (D:5)
  Terence (D:2)
  2 iguanas
  3 hell rats (Lair:4)
  9 orc wizards
  A killer bee zombie (D:7)
  A hound zombie (D:5)
  3 hound skeletons
  2 howler monkey zombies (D:8)
  20 gnolls
  4 adders
  A shadow imp (D:8)
  3 white imps
  2 ufetubi
  An adder zombie (D:5)
  4 dart slugs
  34 orcs
  9 endoplasms
  3 giant cockroaches
  9 goblins
  12 hobgoblins
  9 jackals
  7 kobolds
  3 quokkas
  9 ball pythons
  6 bats
  3 frilled lizards
  A jackal skeleton (D:10)
  2 rats
346 creatures vanquished.

Vanquished Creatures (collateral kills)
  3 hydras
  4 elephants (Lair:2)
  Joseph (D:7)
  A black mamba (Lair:2)
  2 cane toads (Lair:2)
  A komodo dragon (Lair:1)
  2 polar bears
  A blink frog (Lair:3)
  A wyvern (Lair:2)
  A basilisk (Lair:2)
  3 yaks
  A warg (D:10)
  4 water moccasins (Lair:2)
  A bullfrog (D:9)
  2 killer bees (D:9)
  A centaur zombie (D:10)
29 creatures vanquished.

Vanquished Creatures (others)
  22 demonic plants (Gauntlet)
  18 fungi
  24 plants
64 creatures vanquished.

Grand Total: 439 creatures vanquished

Notes
Turn   | Place    | Note
-------+----------+-------------------------------------------
     0 | D:1      | MacCMillion the Demonspawn Gladiator began the quest for
                  | the Orb.
     0 | D:1      | Reached XP level 1. HP: 16/16 MP: 1/1
    53 | D:1      | Found a faded altar of an unknown god.
   192 | D:1      | Gained mutation: You may rarely emit foul miasma when
                  | damaged in melee. [demonic ancestry]
   192 | D:1      | Reached XP level 2. HP: 6/22 MP: 2/2
   754 | D:1      | Gained mutation: You have a pair of small horns on your
                  | head. [demonic ancestry]
   754 | D:1      | Reached XP level 3. HP: 22/27 MP: 3/3
  1227 | D:2      | Noticed Terence
  1707 | D:3      | Gained mutation: You are partially covered in razor-sharp
                  | scales. (AC +1, Slay +1) [demonic ancestry]
  1707 | D:3      | Reached XP level 4. HP: 10/34 MP: 4/4
  2285 | D:3      | Reached skill level 3 in Fighting
  2285 | D:3      | Gained mutation: You are mostly covered in razor-sharp
                  | scales. (AC +2, Slay +2) [demonic ancestry]
  2285 | D:3      | Reached XP level 5. HP: 8/41 MP: 5/5
  2758 | D:3      | Found a broken altar of Ashenzari.
  3141 | D:3      | Reached XP level 6. HP: 43/47 MP: 6/6
  3170 | D:3      | Learned a level 3 spell: Tukima's Dance
  3523 | D:2      | Killed Terence
  3596 | D:4      | Reached skill level 5 in Polearms
  3598 | D:4      | Reached skill level 1 in Hexes
  3727 | D:4      | Reached skill level 1 in Shields
  3727 | D:4      | Reached XP level 7. HP: 43/53 MP: 7/7
  3815 | D:4      | Found a staircase to the Ecumenical Temple.
  3825 | Temple   | Entered the Ecumenical Temple
  3884 | Temple   | Became a worshipper of Kikubaaqudgha
  4702 | D:5      | Entered Level 5 of the Dungeon
  4870 | D:5      | Reached * piety under Kikubaaqudgha
  4870 | D:5      | Received a gift from Kikubaaqudgha
  4875 | D:5      | Learned a level 3 spell: Vampiric Draining
  5122 | D:5      | Identified 3 scrolls of acquirement
  5122 | D:5      | Acquired the +13 scythe of Curses {drain, Drain}
  5122 | D:5      | Found the +13 scythe of Curses {drain, Drain}
  5124 | D:5      | Acquired the ring "Nextigas" {Wiz Int+5}
  5127 | D:5      | Acquired the +5 lajatang of Meicosig {drain, Will++}
  5170 | D:5      | Reached skill level 4 in Fighting
  5185 | D:5      | Gained mutation: A weak demonic guardian rushes to your
                  | aid. [demonic ancestry]
  5185 | D:5      | Reached XP level 8. HP: 57/60 MP: 8/8
  5188 | D:5      | Reached skill level 1 in Armour
  5188 | D:5      | Reached skill level 1 in Necromancy
  5678 | D:5      | Found a radiant altar of Vehumet.
  5678 | D:5      | Found a sacrificial altar of Ru.
  6337 | D:6      | Reached ** piety under Kikubaaqudgha
  6338 | D:6      | Reached skill level 5 in Fighting
  6390 | D:6      | Found a burning altar of Makhleb.
  6468 | D:6      | Found a snail-covered altar of Cheibriados.
  6828 | D:7      | Noticed Maggie
  6835 | D:7      | Killed Maggie
  6836 | D:7      | Gained mutation: A demonic guardian rushes to your aid.
                  | [demonic ancestry]
  6836 | D:7      | Reached XP level 9. HP: 33/68 MP: 9/9
  7246 | D:7      | Reached skill level 6 in Fighting
  7448 | D:7      | Reached skill level 5 in Necromancy
  7533 | D:7      | Noticed Joseph
  7544 | D:7      | Killed Joseph
  7893 | D:8      | Noticed Grum
  7909 | D:8      | Killed Grum
  8225 | D:8      | Found a runed translucent door.
  8225 | D:8      | Noticed MirrMurr's ghost (novice GnHu)
  8225 | D:8      | Noticed a kobold demonologist
  8271 | D:8      | Learned a level 1 spell: Animate Skeleton
  8281 | D:8      | Reached skill level 5 in Armour
  8536 | D:8      | Found a hide-covered altar of Uskayaw.
  8551 | D:8      | Reached XP level 10. HP: 64/77 MP: 10/10
  8921 | D:8      | Noticed a two-headed ogre
  8931 | D:8      | Killed a two-headed ogre
  8932 | D:8      | Reached skill level 7 in Fighting
  9462 | D:8      | Noticed a white ugly thing
  9475 | D:8      | Killed a white ugly thing
  9475 | D:8      | Reached *** piety under Kikubaaqudgha
  9475 | D:8      | Received a gift from Kikubaaqudgha
  9628 | D:8      | Noticed a centaur warrior
  9628 | D:8      | Noticed a boulder beetle
  9652 | D:8      | Found a runed translucent door.
  9726 | D:8      | Noticed a cyclops
  9728 | D:8      | Identified the ring of Koenk {rElec rC+ Int-3 Dex+2 SInv}
  9728 | D:8      | Noticed a death knight
  9735 | D:8      | Noticed a gargoyle
  9739 | D:8      | Noticed a boulder beetle
  9743 | D:8      | Killed a death knight
 10714 | D:9      | Reached skill level 5 in Dodging
 10718 | D:9      | Gained mutation: You sometimes emit foul miasma when
                  | damaged in melee. [demonic ancestry]
 10718 | D:9      | Reached XP level 11. HP: 84/86 MP: 11/11
 10719 | D:9      | Found a shadowy altar of Dithmenos.
 10774 | D:9      | Reached skill level 8 in Fighting
 11375 | D:10     | Entered Level 10 of the Dungeon
 11389 | D:10     | Noticed an oklob plant
 11511 | D:10     | Found a staircase to the Orcish Mines.
 11587 | D:10     | Reached **** piety under Kikubaaqudgha
 11914 | D:10     | Found a runed translucent door.
 11917 | D:10     | Found a basalt altar of Yredelemnul.
 12169 | D:10     | Found a staircase to the Lair.
 12171 | D:10     | Noticed an oklob plant
 12406 | D:10     | Reached skill level 9 in Fighting
 13238 | D:10     | Killed an oklob plant
 13516 | D:10     | Killed an oklob plant
 13592 | Lair:1   | Entered Level 1 of the Lair of Beasts
 13592 | Lair:1   | Noticed a seven-headed hydra
 13601 | Lair:1   | Killed an eight-headed hydra
 13772 | Lair:1   | Learned a level 4 spell: Animate Dead
 13959 | Lair:1   | Found a gate leading to a gauntlet.
 13983 | Gauntlet | Entered a Gauntlet
 13983 | Gauntlet | Found a transporter.
 13983 | Gauntlet | Found a transporter.
 13984 | Gauntlet | Found a transporter.
 13987 | Gauntlet | Found a transporter.
 13987 | Gauntlet | Found a transporter.
 13987 | Gauntlet | Found a transporter.
 13991 | Gauntlet | Noticed a tengu warrior
 13997 | Gauntlet | Found a transporter.
 14001 | Gauntlet | Found a transporter.
 14009 | Gauntlet | Noticed a sixfirhy
 14009 | Gauntlet | Noticed a sixfirhy
 14011 | Gauntlet | Found a transporter.
 14113 | Gauntlet | Found a transporter.
 14115 | Gauntlet | Found a transporter.
 14125 | Gauntlet | Found a transporter.
 14303 | Gauntlet | Reached skill level 10 in Fighting
 14560 | Gauntlet | Identified the ring of Zach {Fire Will+ Str+5 Dex+3}
 14570 | Gauntlet | Noticed an ironbound preserver
 14570 | Gauntlet | Noticed an ironbound preserver
 14570 | Gauntlet | Noticed an ironbound preserver
 14572 | Gauntlet | Noticed a red ugly thing
 14572 | Gauntlet | Noticed a red ugly thing
 14572 | Gauntlet | Noticed a red ugly thing
 14572 | Gauntlet | Noticed a red ugly thing
 14572 | Gauntlet | Noticed a red ugly thing
 14580 | Gauntlet | Noticed an ironbound preserver
 14580 | Gauntlet | Noticed an ironbound preserver
 14699 | Gauntlet | Reached XP level 12. HP: 97/97 MP: 12/12
 14727 | Gauntlet | Noticed a minotaur
 14755 | Gauntlet | Killed a minotaur
 14756 | Gauntlet | Reached skill level 10 in Polearms
 15217 | Gauntlet | Got the Catalogue of Mutagenic Heat
 15252 | Lair:1   | Reached skill level 1 in Evocations
 16004 | Lair:2   | Noticed a seven-headed hydra
 16014 | Lair:2   | Noticed a six-headed hydra
 16021 | Lair:2   | Killed an eight-headed hydra
 16027 | Lair:2   | Killed a seven-headed hydra
 16066 | Lair:2   | Noticed hemabe71's ghost (journeyman HuAr)
 16072 | Lair:2   | Found a runed translucent gate.
 16072 | Lair:2   | Found a runed translucent gate.
 16073 | Lair:2   | Found a runed translucent gate.
 16075 | Lair:2   | Noticed a four-headed hydra
 16082 | Lair:2   | Killed a four-headed hydra
 16176 | Lair:2   | Reached skill level 11 in Fighting
 16222 | Lair:2   | HP: 3/100 [elephant (4)]
 16612 | Lair:2   | Found a radiant altar of Vehumet.
 16623 | Lair:2   | Found a staircase to the Snake Pit.
 16665 | Lair:2   | Reached skill level 10 in Necromancy
 16679 | Lair:2   | Reached ***** piety under Kikubaaqudgha
 17043 | Lair:2   | Reached XP level 13. HP: 107/107 MP: 12/14
 17313 | Lair:2   | Reached skill level 1 in Spellcasting
 17971 | Lair:3   | Reached skill level 12 in Fighting
 18044 | Lair:3   | Noticed Sonja
 18054 | Lair:3   | Killed Sonja
 19007 | Lair:4   | Reached skill level 5 in Evocations
 19024 | Lair:4   | HP: 4/102 [hell rat (3)]
 19025 | Lair:4   | Slain by a hell rat

Illustrated notes

Levels and vault maps discovered:
D:1:      lemuel_arrival_rhombus, layout_loops_ring,
          dreamdust_ecumenical_altar_angels_and_demons
D:2:      layout_loops_ring, basic_altar, uniq_terence
D:3:      layout_basic, mainiacjoe_overflow_alcove_4
D:4:      layout_gridville, beargit_hepliaklqana_dungeon_heroes,
          minmay_temple_entry_statues_fountains, hex_large, uniq_edmund
D:5:      layout_basic, gammafunk_temple_overflow_statue
D:6:      layout_cave_pools, mainiacjoe_overflow_alcove_1,
          makhleb_blood_cavern_becter, dk_rats_in_the_wall
D:7:      layout_gridville, uniq_joseph, uniq_maggie
D:8:      minmay_the_grid_triangle_9x9_rhombus_full
          [minmay_the_grid_triangle_9x9_swiss_cheese,
          minmay_the_grid_triangle_9x9_odd_lines,
          minmay_the_grid_triangle_9x9_dagger,
          minmay_the_grid_triangle_9x9_semitri,
          minmay_the_grid_triangle_9x9_checkered,
          minmay_the_grid_triangle_9x9_subtriangle,
          minmay_the_grid_triangle_9x9_intruding_spiral,
          minmay_the_grid_triangle_9x9_prize_special], layout_loops_cross,
          nicolae_uskayaw_murder_on_the_dancefloor, ebering_ghost_inner_flame,
          uniq_grum
D:9:      layout_basic, nicolae_dithmenos_through_a_glass_darkly
D:10:     layout_layer_cave, dk_yredelemnul_ordeal, dpeg_oklobed_lair,
          erik_orc_3, hangedman_corner_corridor
Temple:   cyrus_circular_temple
Lair:1:   layout_small_grid, gauntlet_entry_generic
Lair:2:   layout_hall_layers, minmay_snake_entry_six_corridors, basic_altar,
          gammafunk_ghost_icy, beast_lair_carwin_8
Lair:3:   layout_small_grid, uniq_sonja
Lair:4:   layout_roguey, nicolae_swamp_entry_splash_gauntlet,
          serial_bayou_pond_b, lemuel_fruit_tree, serial_bayou_shore_a,
          uniq_snorg

Skill      XL: |  1  2  3  4  5  6  7  8  9 10 11 12 13 |
---------------+----------------------------------------+-----
Polearms       | 3 4 5 6 7 8 9 10 | 10.9
Throwing       | 2 3 |  3.0
Dodging        | 3 5 |  5.0
Fighting       | 3 4 5 6 7 10 11 12 | 12.2
Hexes          | 1 |  1.2
Shields        | 1 3 |  3.4
Armour         | 3 5 6 7 8 9 |  9.0
Necromancy     | 4 6 7 9 10 | 10.0
Evocations     | 4 5 |  5.0
Spellcasting   | 2 |  2.4

Action                   |  1- 3 |  4- 6 |  7- 9 | 10-12 | 13-15 || total
-------------------------+-------+-------+-------+-------+-------++-------
Melee: Trident           |   128 |   136 |    93 |       |       ||   357
       Headbutt          |     4 |    21 |    24 |    45 |    12 ||   106
       Scythe            |       |       |   124 |   329 |    87 ||   540
Throw: Throwing net      |     1 |       |       |       |       ||     1
 Cast: Animate Skeleton  |       |       |       |     1 |       ||     1
       Animate Dead      |       |       |       |    14 |     8 ||    22
Invok: Receive Corpses   |       |       |       |     2 |       ||     2
  Use: Potion            |       |     3 |       |    12 |     1 ||    16
       Scroll            |       |       |    12 |     9 |     2 ||    23
 Stab: Held in net/web   |     1 |       |       |       |       ||     1
       Distracted        |       |       |       |     1 |       ||     1
Armor: Leather armour    |    28 |    41 |    11 |       |       ||    80
       Chain mail        |       |       |    71 |    39 |       ||   110
       Swamp dragon scal |       |       |       |    68 |    22 ||    90
Dodge: Dodged            |    57 |    48 |    93 |   227 |   104 ||   529
       Repelled          |       |       |       |     7 |       ||     7
Block: Other             |       |    14 |    35 |    80 |    26 ||   155
       Buckler           |       |    15 |    54 |       |       ||    69
       Reflection        |       |       |     1 |     6 |     2 ||     9

Table legend: (Time is in decaauts)
 A = Elapsed time spent in this place.
 B = Non-inter-level travel time spent in this place.
 C = Inter-level travel time spent in this place.
 D = Time resting spent in this place.
 E = Time spent auto-exploring this place.
 F = Levels seen in this place.
 G = Mean time per level.
                   A        B        C        D        E       F      G
               +--------+--------+--------+--------+--------+-----+--------+
         Total |  19370 |  18759 |    611 |   5033 |   9923 |  16 | 1210.6 |
       Dungeon |  13769 |  13221 |    548 |   3444 |   7317 |  10 | 1376.9 |
        Temple |     78 |     78 |      0 |      0 |     42 |   1 |   78.0 |
          Lair |   4262 |   4199 |     63 |    836 |   2397 |   4 | 1065.5 |
      Gauntlet |   1259 |   1259 |      0 |    753 |    167 |   1 | 1259.0 |
               +--------+--------+--------+--------+--------+-----+--------+

Top non-repeatable levels by time:
     D:8: 2703 daAuts
    D:10: 2116 daAuts
     D:3: 1474 daAuts
     D:4: 1465 daAuts
  Lair:2: 1402 daAuts
  Lair:1: 1389 daAuts
  Lair:3: 1365 daAuts
Gauntlet: 1259 daAuts
     D:1: 1217 daAuts
     D:5: 1203 daAuts
     D:7: 1177 daAuts
     D:9: 944 daAuts
     D:2: 905 daAuts
     D:6: 562 daAuts
  Lair:4: 104 daAuts
